 Dungeon Crawl Stone Soup version 0.22-a0-456-g11ed031617 (webtiles) character file.

758 Banto the Insei (level 7, -4/51 HPs)
             Began as an Octopode Transmuter on June 7, 2018.
             Was a Follower of Cheibriados.
             Slain by an ogre
             ... wielding a +0 giant club
              (16 damage)
             ... on level 6 of the Dungeon.
             The game lasted 00:08:40 (4213 turns).

Banto the Insei (Octopode Transmuter)               Turns: 4213, Time: 00:08:41

Health: -4/51      AC:  5    Str: 11    XL:     7   Next: 80%
Magic:  4/10       EV: 10    Int: 18    God:    Cheibriados [*.....]
Gold:   290        SH:  6    Dex: 16    Spells: 1/10 levels left

rFire    . . .     SeeInvis .     - Unarmed
rCold    + + .     Gourm    .   (shield currently unavailable)
rNeg     . . .     Faith    .   (helmet currently unavailable)
rPois    +         Spirit   .   e - +6 amulet of reflection
rElec    .         Reflect  +   n - ring of fire
rCorr    .         Harm     .   (no ring)
MR       .....                  (no ring)
Stlth    +.........             (no ring)
HPRegen  0.17/turn              (no ring)
MPRegen  0.12/turn              (no ring)
                                (no ring)
                                (no ring)

@: ice-form, very slow
A: large, almost no armour, stealthy swim, amphibious, 8 rings, (constrict 8)
a: End Transformation, Bend Time, Renounce Religion


You were on level 6 of the Dungeon.
You worshipped Cheibriados.
Cheibriados was aware of your devotion.
You were hungry.
You were a creature of crystalline ice.
You visited 2 branches of the dungeon, and saw 7 of its levels.

You collected 290 gold pieces.

Inventory:

Missiles
 a - 68 arrows
 b - 92 stones (quivered)
Jewellery
 e - a +6 amulet of reflection (around neck)
 g - an uncursed amulet of the acrobat
 n - a ring of fire (left front paw)
Wands
 f - a wand of disintegration (31)
Scrolls
 i - 2 scrolls of teleportation
 l - 2 scrolls of remove curse
 m - a scroll of amnesia
Potions
 d - a potion of magic {unknown}
 h - a potion of mutation {unknown}
 j - 3 potions of heal wounds
 k - 3 potions of curing
 o - a potion of lignification {unknown}
Comestibles
 c - 11 rations
 p - a chunk of flesh


   Skills:
 - Level 1.0 Fighting
 - Level 2.0 Dodging
 + Level 6.6 Unarmed Combat
 - Level 2.0 Spellcasting
 + Level 6.2 Transmutations


You had one spell level left.
You knew the following spells:

 Your Spells              Type           Power        Failure   Level  Hunger
a - Ice Form              Ice/Tmut       ##......     45%         4    #####..
b - Sticks to Snakes      Tmut           ###.....     2%          2    ###....
c - Spider Form           Tmut/Pois      ##........   16%         3    ###....

Your spell library contained the following spells:

 Spells                   Type           Power        Failure   Level  Hunger
 Blade Hands              Tmut           ###.......   36%         5    ######.
 Beastly Appendage        Tmut           ###...       1%          1    #......


Dungeon Overview and Level Annotations

Branches:
Dungeon (6/15)             Temple (1/1) D:4

Altars:
Cheibriados
Dithmenos
Fedhas
Hepliaklqana
Kikubaaqudgha
Makhleb
Nemelex Xobeh
Okawaru
Qazlal
Ru
Sif Muna
Trog
Uskayaw
Vehumet
Wu Jian
Xom
The Shining One

Annotations:
D:3 epok's ghost, amateur GrBe


Innate Abilities, Weirdness & Mutations

You cannot wear most types of armour.
You are very stealthy in the water. (Stealth+)
You are amphibious.
You can wear up to eight rings at the same time.
((You can use your tentacles to constrict eight enemies at once.))
((Your skin changes colour to match your surroundings (Stealth+).))
((Your rubbery body absorbs attacks. (AC +1, EV +1)))


Message History

The ice beast hits you but does no damage.
You hit Blork the orc. You freeze Blork the orc.
Blork the orc is heavily wounded.
Blork the orc hits you with a long sword!
The ogre hits you with a giant club! You block the ice beast's attack.
You take 17 damage, and have 21/51 hp.
MASSIVE DAMAGE!!
You closely miss Blork the orc.
Blork the orc is heavily wounded.
You block the ice beast's attack.
You punch Blork the orc! You freeze Blork the orc.
You kill Blork the orc!
The ogre hits you with a giant club. The ice beast hits you.
* * * LOW HITPOINT WARNING * * *
The ice beast freezes you. You resist.
* * * LOW HITPOINT WARNING * * *
You take 9 damage, and have 12/51 hp.
You punch the ogre! You freeze the ogre.
The ogre is heavily wounded.
The ogre hits you with a giant club!
You die...

#.....# .... #.....#
#.....# #....#
#.....# . #....#
##+##.....#
..##....###.........#
..........#.........#
......)...#.........#
......YY..'.........+
......O...#.........#
+####+#####.........#
#...#.....#######
#...#.....#
#<..'.....+
#...#.....#
#####.....# ......#


You could see an ice beast and an ogre.

Vanquished Creatures
  Sigmund (D:4)
  A centaur (D:5)
  Blork the orc (D:6)
  3 crimson imps (D:5)
  A bullfrog zombie (D:5)
  An orc priest (D:5)
  6 orc wizards
  A centaur skeleton (D:4)
  4 gnolls
  A howler monkey skeleton (D:5)
  2 adders
  2 oozes
  2 dart slugs
  A leopard gecko (D:2)
  11 orcs
  4 giant cockroaches
  5 goblins
  9 hobgoblins
  3 jackals (D:4)
  4 quokkas
  2 ball pythons (D:3)
  7 bats
  6 frilled lizards
  A jackal zombie (D:5)
  2 kobolds (D:2)
  A leopard gecko skeleton (D:5)
  7 rats
  A fungus (D:2)
90 creatures vanquished.

Vanquished Creatures (collateral kills)
  A frilled lizard (D:4)
1 creature vanquished.

Grand Total: 91 creatures vanquished

Notes
Turn   | Place    | Note
-------+----------+-------------------------------------------
     0 | D:1      | Banto the Octopode Transmuter began the quest for the Orb.
     0 | D:1      | Reached XP level 1. HP: 13/13 MP: 3/3
   453 | D:1      | Reached XP level 2. HP: 18/18 MP: 3/5
   614 | D:1      | Reached XP level 3. HP: 13/23 MP: 4/6
   916 | D:2      | You fall through a shaft for 2 floors!
   927 | D:4      | Noticed Sigmund
  1035 | D:4      | Learned a level 2 spell: Sticks to Snakes
  1039 | D:4      | Learned a level 3 spell: Spider Form
  1071 | D:4      | Killed Sigmund
  1071 | D:4      | Reached XP level 4. HP: 5/28 MP: 2/7
  1071 | D:4      | Reached XP level 5. HP: 6/33 MP: 2/8
  1283 | D:4      | Found a hide-covered altar of Uskayaw.
  1426 | D:4      | Reached skill level 5 in Unarmed Combat
  1426 | D:4      | Reached XP level 6. HP: 32/38 MP: 6/9
  1557 | D:3      | Noticed epok's ghost (amateur GrBe)
  2031 | D:2      | Found a sacrificial altar of Ru.
  2805 | D:4      | Found a staircase to the Ecumenical Temple.
  2963 | Temple   | Entered the Ecumenical Temple
  3230 | D:5      | Entered Level 5 of the Dungeon
  3265 | D:5      | Found a bloodstained altar of Trog.
  3265 | D:5      | Found a shimmering altar of Xom.
  3265 | D:5      | Found a shadowy altar of Dithmenos.
  3268 | D:5      | Found a snail-covered altar of Cheibriados.
  3269 | D:5      | Found an ornate altar of the Wu Jian Council.
  3273 | D:5      | Became a worshipper of Cheibriados the Contemplative
  3298 | D:5      | Reached skill level 5 in Transmutations
  3481 | D:5      | Reached XP level 7. HP: 38/43 MP: 10/10
  4044 | D:5      | Learned a level 4 spell: Ice Form
  4183 | D:6      | Reached * piety under Cheibriados
  4202 | D:6      | Noticed Blork the orc
  4212 | D:6      | Killed Blork the orc
  4213 | D:6      | Slain by an ogre

Vault maps used:
D:1:      minmay_arrival_shattered_statue
D:2:      minmay_diamond_boxcup, minmay_item_behind_shaft,
          minmay_gold_behind_fungi, nicolae_ru_the_path_less_chosen
D:4:      eat_drink_and_be_merry_uskayaw, minmay_temple_entry_hall,
          first_ration, uniq_sigmund
D:5:      minitemple
D:6:      gammafunk_temple_overflow_arena, uniq_menkaure, uniq_blork_the_orc
Temple:   grunt_temple_mini_profane

Skill      XL: |  1  2  3  4  5  6  7 |
---------------+----------------------+-----
Unarmed Combat | 4 5 6 |  6.6
Transmutations | 3 4 5 6 |  6.2
Fighting       | |  1.0
Dodging        | |  2.0
Spellcasting   | |  2.0

Action                   |  1- 3 |  4- 6 |  7- 9 || total
-------------------------+-------+-------+-------++-------
Melee: Unarmed           |    56 |   131 |    58 ||   245
       Tentacles         |     6 |    19 |     6 ||    31
       Constrict         |    12 |    31 |    11 ||    54
       Kick              |     5 |     9 |       ||    14
       Punch             |     1 |     3 |     1 ||     5
Throw: Stone             |     2 |       |       ||     2
 Cast: Beastly Appendage |     4 |     8 |       ||    12
       Sticks to Snakes  |     3 |     3 |       ||     6
       Spider Form       |       |     4 |     2 ||     6
       Ice Form          |       |       |     1 ||     1
Invok: Bend Time         |       |       |     1 ||     1
Evoke: Wand              |       |     1 |       ||     1
  Use: Scroll            |     5 |     7 |     1 ||    13
 Stab: Sleeping          |     6 |     7 |     1 ||    14
       Distracted        |       |     1 |       ||     1
  Eat: Chunk             |       |     9 |     3 ||    12
Armor: Skin              |     3 |     5 |     4 ||    12
Dodge: Dodged            |    30 |    54 |    23 ||   107
Block: Other             |    10 |    27 |    13 ||    50
       Reflection        |       |     1 |       ||     1

Table legend:
 A = Spawn XP
 B = Non-spawn XP
 C = Spawn XP percentage of total XP
 D = Spawn monster count
 E = Non-spawn monster count
 F = Spawn count percentage of total count
 G = Total turns spent on level
                    A         B        C        D         E        F      G
               +---------+---------+-------+---------+---------+-------+---------
         Total |       0 |    1083 |   0.0 |       0 |      90 |   0.0 |  4213
               +---------+---------+-------+---------+---------+-------+---------
           D:1 |       0 |      35 |   0.0 |       0 |      15 |   0.0 |   709
           D:2 |       0 |      37 |   0.0 |       0 |      19 |   0.0 |   887
           D:3 |       0 |      29 |   0.0 |       0 |      16 |   0.0 |   532
           D:4 |       0 |     361 |   0.0 |       0 |      21 |   0.0 |   915
           D:5 |       0 |     520 |   0.0 |       0 |      16 |   0.0 |   925
           D:6 |       0 |     101 |   0.0 |       0 |       3 |   0.0 |    58
               +---------+---------+-------+---------+---------+-------+---------

Table legend:
 A = Turns spent in this place as a percentage of turns spent in the entire game.
 B = Non-inter-level travel turns spent in this place as a percentage of non-inter-level travel turns spent in the entire game.
 C = Inter-level travel turns spent in this place as a percentage of turns spent in this place.
 D = Turns resting spent in this place as a percentage of non-inter-level travel turns spent in this place.
 E = Turns spent auto-exploring this place as a percentage of non-inter-level travel turns spent in this place.
 F = Non-inter-level travel turns spent in this place divided by the number of levels of this place that you've seen.
                   A       B       C       D       E      F
               +-------+-------+-------+-------+-------+----------------------
         Total | 100.0 | 100.0 |   9.6 |  26.5 |  44.4 | 544.0
       Dungeon |  95.6 |  95.6 |   9.5 |  27.7 |  42.0 | 607.0
        Temple |   4.4 |   4.4 |  11.2 |   0.0 |  96.4 | 166.0
               +-------+-------+-------+-------+-------+----------------------

Table legend:
 A = Kills in this place as a percentage of kills in entire the game.
 B = Kills by you in this place as a percentage of kills by you in the entire game.
 C = Kills by friends in this place as a percentage of kills by friends in the entire game.
 D = Other kills in this place as a percentage of other kills in the entire game.
 E = Experience gained in this place as a percentage of experience gained in the entire game.
 F = Experience gained in this place divided by the number of levels of this place that you have seen.
                   A       B       C       D       E      F
               +-------+-------+-------+-------+-------+----------------------
         Total | 100.0 | 100.0 | 100.0 |   N/A | 100.0 | 154.7
       Dungeon | 100.0 | 100.0 | 100.0 |   N/A | 100.0 | 180.5
               +-------+-------+-------+-------+-------+----------------------
